 Dungeon Crawl Stone Soup version 0.27.1-33-g824d729ab1 (webtiles) character file.

Game seed: 11509745207077497130

44 Destapler the Charlatan (level 3, 0/28 HPs)
             Began as a Demonspawn Artificer on Dec 6, 2021.
             Succumbed to an adder's poison
             ... on level 2 of the Dungeon.
             The game lasted 00:04:48 (2622 turns).

Destapler the Charlatan (Demonspawn Artificer)      Turns: 2622, Time: 00:04:49

Health: 0/28       AC:  5    Str: 13    XL:     3   Next: 39%
Magic:  3/3        EV: 11    Int: 12    God:
Gold:   38         SH:  0    Dex: 13    Spells: 2/2 levels left

rFire    . . .     SeeInvis .   a - +0 dagger
rCold    . . .     Faith    .   (no shield)
rNeg     . . .     Spirit   .   b - +0 leather armour
rPois    .         Reflect  .   (no helmet)
rElec    .         Harm     .   (no cloak)
rCorr    .         Rampage  .   (no gloves)
Will     .....                  (no boots)
Stlth    +.........             (no amulet)
HPRegen  0.09/turn              (no ring)
MPRegen  0.08/turn              (no ring)

@: lethally poisoned (0 -> -8)
A: thin metallic scales 1
a: no special abilities


You were on level 2 of the Dungeon.
You visited 1 branch of the dungeon, and saw 3 of its levels.

You collected 38 gold pieces.

Inventory:

Hand Weapons
 a - a +0 dagger (weapon)
Armour
 b - a +0 leather armour (worn)
 i - the +2 robe of the Orb {rF+ Will+ rCorr}
   (You found it on level 2 of the Dungeon)

   rF:        It protects you from fire.
   rCorr:     It protects you from acid and corrosion.
   Will:      It increases your willpower.
Jewellery
 h - a ring of ice
Wands
 c - a wand of flame (5) (quivered)
 d - a wand of charming (15)
Scrolls
 f - a scroll of teleportation
 g - 2 scrolls of identify
Miscellaneous
 e - a piece from Xom's chessboard (15/15)


   Skills:
 + Level 2.4 Fighting
 + Level 1.8 Short Blades
 - Level 1.7 Armour
 - Level 0.8 Dodging
 - Level 0.8 Stealth
 - Level 3.0 Evocations


You had 2 spell levels left.
You didn't know any spells.
Your spell library was empty.

Dungeon Overview and Level Annotations

Branches:
Dungeon (3/15)

Altars:


Innate Abilities, Weirdness & Mutations

You are partially covered in thin metallic scales. (AC +2)


Message History

You feel sick. The adder closely misses you.
You hit the adder.
The adder is moderately wounded.
You feel sick. The adder bites you but does no damage.
You hit the adder.
The adder is heavily wounded.
You feel sick. The adder barely misses you. x2
You barely miss the adder.
The adder is heavily wounded.
You feel sick. The adder bites you.
You closely miss the adder.
The adder is heavily wounded.
You feel sick. The adder bites you but does no damage.
You closely miss the adder.
The adder is heavily wounded.
You feel sick. The adder misses you.
You hit the adder.
The adder is severely wounded.
You feel sick.
You are no longer poisoned.
The adder misses you.
You hit the adder but do no damage.
The adder is severely wounded.
The adder closely misses you. The adder bites you.
* * * LOW HITPOINT WARNING * * *
You are poisoned.
The adder poisons you!
You hit the adder but do no damage.
The adder is severely wounded.
You feel sick. The adder barely misses you.
You barely miss the adder.
The adder is severely wounded.
You feel sick. The adder bites you.
* * * LOW HITPOINT WARNING * * *
You are more poisoned.
The adder poisons you!
You aren't carrying any potions.
You hit the adder but do no damage.
The adder is severely wounded.
You die...

.......... ....w....
.. ......... ..
#........ #.
#........ #.
#.....).. #.##
#........
#..####w.......
#....@Sg.......
#..####.#+#####
#...# #.# #.#.###.#
#.#..##.# #.##.##.#
############.##.##.#
.............##.##.#
'##..........##.##.#


You could see a worm, an adder and a goblin.

Vanquished Creatures
  A worm (D:2)
  A dart slug (D:1)
  2 ball pythons (D:1)
  5 endoplasms
  A giant cockroach (D:1)
  4 hobgoblins (D:1)
  5 quokkas
  3 bats (D:1)
  2 frilled lizards
  4 goblins
  3 kobolds (D:1)
  A rat (D:1)
32 creatures vanquished.

Notes
Turn   | Place    | Note
-------+----------+-------------------------------------------
     0 | D:1      | Destapler the Demonspawn Artificer began the quest for the
                  | Orb.
     0 | D:1      | Reached XP level 1. HP: 15/15 MP: 1/1
   741 | D:1      | Reached skill level 1 in Short Blades
   741 | D:1      | Gained mutation: You are partially covered in thin metallic
                  | scales. (AC +2) [demonic ancestry]
   741 | D:1      | Reached XP level 2. HP: 21/21 MP: 2/2
  1281 | D:1      | Found a faded altar of an unknown god.
  1497 | D:1      | Reached XP level 3. HP: 8/27 MP: 3/3
  2416 | D:2      | You fall into a shaft and drop 1 floor!
  2521 | D:2      | Identified the +2 robe of the Orb {rF+ Will+ rCorr}
  2622 | D:2      | Succumbed to an adder's poison

Illustrated notes

Levels and vault maps discovered:
D:1:      onia_arrival_pentagram, layout_loops_corners,
          dreamdust_ecumenical_altar_grove, minmay_pentomino_u4
D:2:      layout_basic, dk_noncrumbling_3, guppyfry_early_lair_pool,
          uniq_crazy_yiuf_cottage
D:3:      layout_basic, serial_shops, nicolae_shop_stone

Skill      XL: |  1  2 |
---------------+-------+-----
Short Blades   | 1 |  1.8
Fighting       | 2 |  2.4
Armour         | |  1.7
Dodging        | |  0.8
Stealth        | |  0.8
Evocations     | |  3.0

Action                   || total
-------------------------++-------
Melee: Dagger            ||   165
Evoke: Wand              ||    10
  Use: Potion            ||     3
       Scroll            ||     1
 Stab: Sleeping          ||     3
Armor: Leather armour    ||    47
Dodge: Dodged            ||    98
